 Dungeon Crawl Stone Soup version 0.18.1-47-g9310371 (webtiles) character file.

258 sleepydude the Conjurer (level 5, -1/28 HPs)
             Began as a Deep Elf Conjurer on June 15, 2016.
             Slain by an orc wizard
             ... wielding a +0 dagger
              (5 damage)
             ... on level 4 of the Dungeon.
             The game lasted 00:20:20 (3110 turns).

sleepydude the Conjurer (Deep Elf Conjurer)         Turns: 3110, Time: 00:20:21

Health: -1/28      AC:  2    Str:  5    XL:     5   Next: 94%
Magic:  9/14       EV: 13    Int: 21    God:
Gold:   116        SH:  0    Dex: 15    Spells: 2 memorised, 11 levels left

rFire  . . .     SeeInvis .     (no weapon)
rCold  . . .     Gourm    .     a - +0 robe
rNeg   . . .     Faith    .     (no shield)
rPois  .         Spirit   .     (no helmet)
rElec  .         Dismiss  .     (no cloak)
rCorr  .         Reflect  .     (no gloves)
SustAt .         Harm     .     (no boots)
MR     .....                    (no amulet)
Stlth  ++........               (no ring)
                                (no ring)

@: not resistant to hostile enchantments, unstealthy
A: no striking features
a: no special abilities


You were on level 4 of the Dungeon.
You were not hungry.

You visited 1 branch of the dungeon, and saw 4 of its levels.

You collected 116 gold pieces.

Inventory:

Armour
 a - a +0 robe (worn)
Wands
 s - a wand of slowing (16/48)
Scrolls
 d - a scroll of teleportation {unknown}
 e - a scroll of fog {unknown}
 f - 4 scrolls of remove curse {unknown}
 h - 3 scrolls of identify {unknown}
 i - a scroll of magic mapping {unknown}
 k - 3 scrolls of immolation {unknown}
 p - a scroll of blinking {unknown}
 r - a scroll of enchant armour {unknown}
 t - a scroll of enchant weapon {unknown}
Potions
 g - 2 potions of brilliance {unknown}
 j - 2 potions of agility {unknown}
 l - 3 potions of curing {unknown}
 m - a potion of might {unknown}
 q - a potion of beneficial mutation {unknown}
 u - a potion of haste {unknown}
 x - a potion of heal wounds {unknown}
 z - a potion of lignification {unknown}
Books
 b - a book of Conjurations

   Spells                             Type                      Level
   a - Magic Dart                     Conjuration                  1
   b - Searing Ray                    Conjuration                  2
   c - Dazzling Spray                 Conjuration/Hexes            3
   d - Fulminant Prism                Conjuration/Hexes            4
   e - Iskenderun's Mystic Blast      Conjuration                  4
   f - Iskenderun's Battlesphere      Conjuration/Charms           5
Comestibles
 c - 2 bread rations
 n - a royal jelly
 v - a meat ration


   Skills:
 - Level 2.4 Dodging
 - Level 2.4 Stealth
 + Level 5.4 Spellcasting
 * Level 6.9 Conjurations


You had 11 spell levels left.
You knew the following spells:

 Your Spells              Type           Power        Failure   Level  Hunger
a - Magic Dart            Conj           ####         1%          1    None
b - Searing Ray           Conj           ####..       1%          2    None


Dungeon Overview and Level Annotations

Branches:
Dungeon (4/15)
 Temple: D:4-7

Altars:


Message History

Press: ? - help, Shift-Dir - straight line, f/p - orc priest
Aim: an orc priest, wielding a short sword (lightly wounded)
The magic dart hits something.
Something hits you.
Casting: Magic Dart
Confirm with . or Enter, or press ? or * to list all spells.
Aiming: Magic Dart
Press: ? - help, Shift-Dir - straight line, f - orc
Aim: an orc, wielding a dagger The magic dart hits something.
Something hits you but does no damage.
Casting: Magic Dart
Confirm with . or Enter, or press ? or * to list all spells.
Aiming: Magic Dart
Press: ? - help, Shift-Dir - straight line, f/p - orc
Aim: an orc, wielding a dagger The magic dart hits something.
Something hits you.
The orc priest mumbles some strange prayers to Beogh against you.
Beogh smites you!
* * * LOW HITPOINT WARNING * * *
Something hits you.
You die...

.....# ##.....)..
.....# #.........
#....## ##......#..
##...)#### #......##
##......### ##..o...#
#........#### #......##
##..........####......#
##............#o.....#
#............@.......#
#.............###.....#
##...........## ####..#
##..........# #..# #
##.........## ... ###
##.........# .. ..##
#........## ...##
#........# ....##
##..#...##


You could see an orc priest and an orc.

Vanquished Creatures
  Natasha (thrice) (D:2)
  3 worker ants (D:4)
  2 adders
  2 oozes
  2 dart slugs (D:1)
  5 giant geckos
  3 orcs
  2 ball pythons
  5 giant cockroaches
  4 goblins
  8 hobgoblins
  7 jackals
  12 kobolds
  2 quokkas (D:3)
  8 bats
  4 giant newts
  5 rats
77 creatures vanquished.

Notes
Turn   | Place    | Note
--------------------------------------------------------------
     0 | D:1      | sleepydude the Deep Elf Conjurer began the quest for the Orb.
     0 | D:1      | Reached XP level 1. HP: 10/10 MP: 6/6
   272 | D:1      | Reached XP level 2. HP: 15/15 MP: 6/8
   542 | D:1      | Reached skill level 5 in Conjurations
   633 | D:1      | Reached XP level 3. HP: 19/19 MP: 7/10
   879 | D:2      | Learned a level 2 spell: Searing Ray
   918 | D:2      | Noticed Natasha
   922 | D:2      | Killed Natasha
  1163 | D:2      | Noticed Natasha
  1164 | D:2      | Killed Natasha
  1164 | D:2      | Reached XP level 4. HP: 24/24 MP: 8/12
  1503 | D:2      | Noticed Natasha
  1511 | D:2      | Killed Natasha
  1511 | D:2      | Reached skill level 6 in Conjurations
  1928 | D:3      | Reached XP level 5. HP: 28/28 MP: 12/14
  2221 | D:3      | Reached skill level 5 in Spellcasting
  3110 | D:4      | Slain by an orc wizard

Skill      XL: |  1  2  3  4  5 |
---------------+----------------+-----
Conjurations   | 5 6 |  6.9
Spellcasting   | 4 5 |  5.4
Dodging        | |  2.4
Stealth        | |  2.4

Action                   |  1- 3 |  4- 6 || total
-------------------------+-------+-------++-------
 Cast: Magic Dart        |    52 |    77 ||   129
       Searing Ray       |     2 |    13 ||    15
  Eat: Chunk             |     1 |     4 ||     5
       Pizza             |       |     1 ||     1
Armor: Robe              |     1 |     4 ||     5
Dodge: Dodged            |     1 |     8 ||     9
